 Dungeon Crawl Stone Soup version 0.28-a0-925-gd5e1996cdb (webtiles) character file.

Game seed: 18105324841662173443

42 jasper the Chopper (level 3, 0/29 HPs)
             Began as a Formicid Berserker on Nov 27, 2021.
             Was a Follower of Trog.
             Succumbed to an adder's poison
             ... on level 3 of the Dungeon.
             The game lasted 00:02:08 (1381 turns).

jasper the Chopper (Formicid Berserker)             Turns: 1381, Time: 00:02:09

Health: 0/29       AC:  2    Str: 22    XL:     3   Next: 80%
Magic:  3/3        EV: 12    Int:  6    God:    Trog [*.....]
Gold:   103        SH:  0    Dex: 10    Spells: 2/2 levels left

rFire   . . .      SeeInvis +   a - +0 hand axe
rCold   . . .      Faith    .   (no shield)
rNeg    . . .      Spirit   .   b - +0 animal skin
rPois   .          Reflect  .   (helmet unavailable)
rElec   .          Harm     .   (no cloak)
rCorr   .          Rampage  .   (no gloves)
Will    .....                   (no boots)
Stlth   +.........              (no amulet)
HPRegen 0.09/turn               (no ring)
MPRegen 0.08/turn               (no ring)

@: lethally poisoned (0 -> -8)
A: permanent stasis, dig shafts and tunnels, antennae 3, four strong arms
a: Dig, Shaft Self, Renounce Religion


You were on level 3 of the Dungeon.
You worshipped Trog.
Trog was aware of your devotion.
You visited 1 branch of the dungeon, and saw 3 of its levels.

You collected 103 gold pieces.

Inventory:

Hand Weapons
 a - a +0 hand axe (weapon)
Missiles
 d - 33 stones (quivered)
Armour
 b - a +0 animal skin (worn)
Jewellery
 h - a +4 ring of slaying
Scrolls
 e - a scroll of identify {unknown}
 f - a scroll of amnesia
 g - 3 scrolls of blinking {unknown}


   Skills:
 - Level 3.2 Fighting
 + Level 4.5 Axes
 - Level 2.1 Armour
 - Level 1.7 Dodging


You had 2 spell levels left.
You didn't know any spells.
Your spell library was empty.

Dungeon Overview and Level Annotations

Branches:
Dungeon (2/15)

Altars:


Innate Abilities, Weirdness & Mutations

You cannot be hasted, slowed, berserked, paralysed or teleported.
You can dig through walls and to a lower floor.
You have a pair of large antennae on your head. (SInv)
Your four strong arms can wield two-handed weapons with a shield.


Message History

The adder poisons you!
You take 3 damage, and have 22/29 hp.
You miss the adder.
The adder is lightly wounded.
You feel sick. The adder bites you.
You are more poisoned.
The adder poisons you! The adder barely misses you.
You take 4 damage, and have 18/29 hp.
You closely miss the adder.
The adder is lightly wounded.
You feel sick. The adder bites you but does no damage.
You take 2 damage, and have 16/29 hp.
You miss the adder.
The adder is lightly wounded.
You feel sick. The adder bites you. x2
You take 7 damage, and have 9/29 hp.
MASSIVE DAMAGE!!
You closely miss the adder.
The adder is lightly wounded.
You feel sick. The adder misses you.
You take 1 damage, and have 8/29 hp.
It was a potion of berserk rage.
Your stasis prevents you from going berserk.
You feel sick. The adder closely misses you. The adder misses you.
You take 1 damage, and have 7/29 hp.
You aren't carrying any items that you can evoke.
Okay, then.
Okay, then.
You aren't carrying any potions.
Unknown command.
Are you sure you want to shaft yourself?
You feel sick. The adder barely misses you.
You begin to dig a shaft.
You continue digging a shaft.
You feel sick. The adder bites you.
* * * LOW HITPOINT WARNING * * *
You are lethally poisoned!
The adder poisons you! A shaft appears beneath you!
You fall into a shaft and drop 1 floor!
The shaft crumbles and collapses.
You die...

.. $.##
...#. ...
###
.....#
#.#.#
####...#
#....<@#
#..####.#
#.# #.#
#.. ##. .
.#


There were no monsters in sight!

Vanquished Creatures
  An adder (D:2)
  A worm (D:2)
  A dart slug (D:1)
  2 ball pythons
  3 bats
  4 endoplasms (D:1)
  A giant cockroach (D:1)
  3 goblins
  4 hobgoblins
  4 kobolds
  2 frilled lizards (D:1)
26 creatures vanquished.

Notes
Turn   | Place    | Note
-------+----------+-------------------------------------------
     0 | D:1      | jasper the Formicid Berserker began the quest for the Orb.
     0 | D:1      | Reached XP level 1. HP: 18/18 MP: 1/1
   473 | D:1      | Reached XP level 2. HP: 24/24 MP: 2/2
   803 | D:1      | Reached skill level 4 in Axes
   803 | D:1      | Reached XP level 3. HP: 28/29 MP: 3/3
  1381 | D:2      | You fall into a shaft and drop 1 floor!
  1381 | D:3      | Succumbed to an adder's poison

Illustrated notes

Levels and vault maps discovered:
D:1:      dpeg_arrival_shelter, layout_loops_ring
D:2:      minmay_inner_zag, layout_loops_ring,
          shapermc_ecumenical_altar_mp_highgroup
D:3:      layout_rooms, gammafunk_ghost_icy, corexii_leaking_fountain,
          uniq_terence

Skill      XL: |  1  2 |
---------------+-------+-----
Axes           | 4 |  4.5
Fighting       | |  3.2
Armour         | |  2.1
Dodging        | |  1.7

Action                   || total
-------------------------++-------
Melee: Hand axe          ||    76
Throw: Stone             ||    14
 Abil: Shaft Self        ||     1
  Use: Scroll            ||     2
       Potion            ||     1
Armor: Animal skin       ||    12
Dodge: Dodged            ||    45

Table legend: (Time is in decaauts)
 A = Elapsed time spent in this place.
 B = Non-inter-level travel time spent in this place.
 C = Inter-level travel time spent in this place.
 D = Time resting spent in this place.
 E = Time spent auto-exploring this place.
 F = Levels seen in this place.
 G = Mean time per level.
                   A        B        C        D        E       F      G
               +--------+--------+--------+--------+--------+-----+--------+
         Total |   1391 |   1370 |     21 |    413 |    715 |   3 |  463.7 |
       Dungeon |   1391 |   1370 |     21 |    413 |    715 |   3 |  463.7 |
               +--------+--------+--------+--------+--------+-----+--------+

Top non-repeatable levels by time:
     D:1: 1033 daAuts
     D:2: 358 daAuts
